 Dungeon Crawl Stone Soup version 0.29.0 (webtiles) character file.

Game seed: 14251056888460125776

229 GigaChad the Covered (level 5, -1/47 HPs)
             Began as a Minotaur Fighter on Aug 25, 2022.
             Was a Follower of Qazlal.
             Slain by a worm (4 damage)
             ... on level 3 of the Dungeon.
             The game lasted 00:05:44 (1937 turns).

GigaChad the Covered (Minotaur Fighter)             Turns: 1937, Time: 00:05:45

Health: -1/47      AC:  8    Str: 23    XL:     5   Next: 71%
Magic:  4/4        EV:  9    Int:  5    God:    Qazlal [*.....]
Gold:   111        SH:  6    Dex:  9    Spells: 4/4 levels left

rFire   . . .      SeeInvis +   a - +0 long sword
rCold   . . .      Faith    .   c - +0 buckler
rNeg    . . .      Spirit   .   b - +1 scale mail
rPois   .          Reflect  .   (helmet restricted)
rElec   .          Harm     .   (no cloak)
rCorr   .          Rampage  .   (no gloves)
Will    .....                   (no boots)
Stlth   ..........              f - amulet of the acrobat
HPRegen 0.15/turn               m - ring of see invisible
MPRegen 0.09/turn               (no ring)

@: no status effects
A: horns 2, retaliatory headbutt
a: Renounce Religion


You were on level 3 of the Dungeon.
You worshipped Qazlal.
Qazlal was aware of your devotion.
You visited 1 branch of the dungeon, and saw 3 of its levels.

You collected 111 gold pieces.

Inventory:

Hand Weapons
 a - a +0 long sword (weapon)
 k - a +0 flail
 l - a +1 spear of freezing
Missiles
 e - a throwing net (quivered)
Armour
 b - a +1 scale mail (worn)
 c - a +0 buckler (worn)
Jewellery
 f - an amulet of the acrobat (around neck)
 m - a ring of see invisible (left hand)
Scrolls
 h - a scroll of teleportation
 n - a scroll of immolation
 o - a scroll of identify
Potions
 d - a potion of might
 g - a potion of brilliance {unknown}
 i - a potion of curing {unknown}
 j - 2 potions of degeneration {unknown}


   Skills:
 + Level 4.6 Fighting
 + Level 4.1 Long Blades
 + Level 5.1 Armour
 + Level 1.4 Dodging
 + Level 0.3 Stealth
 + Level 4.8 Shields


You had 4 spell levels left.
You didn't know any spells.
Your spell library contained the following spells:

 Spells                   Type           Power      Damage    Failure   Level
 Foxfire                  Conj/Fire      0%         2x1d4     86%         1
 Conjure Flame            Conj/Fire      0%         6-21      99%         3
 Inner Flame              Hex/Fire       0%         N/A       99%         3
 Flame Wave               Conj/Fire      0%         2d4       100%        4


Dungeon Overview and Level Annotations

Branches:
Dungeon (3/15)

Altars:
Qazlal

Shops:
D:1 =


Innate Abilities, Weirdness & Mutations

You have a pair of horns on your head.
You reflexively headbutt those who attack you in melee.


Message History

You closely miss Gurantaxtaxq's ghost.
You headbutt Gurantaxtaxq's ghost, but do no damage.
Gurantaxtaxq's ghost is moderately damaged.
You block Gurantaxtaxq's ghost's attack.
The worm bites you.
* * * LOW HITPOINT WARNING * * *
You hit Gurantaxtaxq's ghost.
Gurantaxtaxq's ghost is heavily damaged.
You block Gurantaxtaxq's ghost's attack.
Gurantaxtaxq's ghost hits you.
* * * LOW HITPOINT WARNING * * *
You closely miss Gurantaxtaxq's ghost.
You headbutt Gurantaxtaxq's ghost, but do no damage.
Gurantaxtaxq's ghost is heavily damaged.
You block the worm's attack.
Gurantaxtaxq's ghost points at you and mumbles some strange words.
The blast of sand hits you but does no damage.
You closely miss Gurantaxtaxq's ghost. You headbutt Gurantaxtaxq's ghost!
Gurantaxtaxq's ghost is almost destroyed.
You block the worm's attack.
You hit Gurantaxtaxq's ghost.
Your headbutt misses Gurantaxtaxq's ghost.
Gurantaxtaxq's ghost is almost destroyed.
Gurantaxtaxq's ghost points at you and mumbles some strange words.
The blast of sand hits you but does no damage.
The worm bites you but does no damage.
You hit Gurantaxtaxq's ghost.
You destroy Gurantaxtaxq's ghost!
Qazlal accepts your kill.
Your Long Blades skill increases to level 4!
Your Armour skill increases to level 5!
You have reached level 5!
The worm bites you.
* * * LOW HITPOINT WARNING * * *
You see here a quokka corpse.
You hit the worm but do no damage. The worm bites you but does no damage.
You slash the worm!
The worm is heavily wounded.
The worm bites you.
You die...

####.#... ....
........#######
........#......
......#.......#...# .
#....'.....$.#...# #.
#.#..'.....!.#...#
...#....'......!#..$
........#.......#..#
......w@#.......#..#
........#########..#
...................#
...................#
............#....#######
.......#..>.............
#########.###....#######
#.######........
#........#######


You could see a worm.

Vanquished Creatures
  The ghost of Gurantaxtaxq the Digger, an amateur GrEE (D:3)
  Terence (D:2)
  An adder (D:2)
  3 gnolls (D:2)
  A white imp (D:3)
  2 dart slugs (D:2)
  6 ball pythons
  6 bats
  5 endoplasms
  4 goblins
  7 hobgoblins
  3 jackals (D:1)
  A quokka (D:3)
  4 frilled lizards
  5 kobolds
  4 rats
54 creatures vanquished.

Notes
Turn   | Place    | Note
-------+----------+-------------------------------------------
     0 | D:1      | GigaChad the Minotaur Fighter began the quest for the Orb.
     0 | D:1      | Reached XP level 1. HP: 19/19 MP: 0/0
   160 | D:1      | Reached XP level 2. HP: 16/27 MP: 1/1
   588 | D:1      | Reached skill level 4 in Armour
   820 | D:1      | Reached XP level 3. HP: 33/33 MP: 2/2
   820 | D:1      | Found Bemiob's Jewellery Boutique.
  1149 | D:2      | Found a faded altar of an unknown god.
  1155 | D:2      | Prayed at the altar of an unknown god.
  1155 | D:2      | Became a worshipper of Qazlal Stormbringer
  1155 | D:2      | Reached * piety under Qazlal
  1234 | D:2      | Reached XP level 4. HP: 36/41 MP: 3/3
  1371 | D:2      | Noticed Terence
  1379 | D:2      | Killed Terence
  1889 | D:3      | Found a runed translucent gate.
  1889 | D:3      | Found a runed translucent gate.
  1889 | D:3      | Found a runed translucent gate.
  1890 | D:3      | Noticed Gurantaxtaxq's ghost (amateur GrEE)
  1919 | D:3      | Reached skill level 1 in Dodging
  1934 | D:3      | Killed Gurantaxtaxq's ghost
  1935 | D:3      | Reached skill level 5 in Armour
  1935 | D:3      | Reached XP level 5. HP: 6/47 MP: 4/4
  1935 | D:3      | HP: 2/47 [worm (4)]
  1937 | D:3      | Slain by a worm

Illustrated notes

Levels and vault maps discovered:
D:1:      dpeg_arrival_short_road, layout_loops_ring, serial_shops,
          nicolae_diamond_shop, lemuel_flame_loot_1
D:2:      layout_loops_ring, dreamdust_ecumenical_altar_angels_and_demons,
          minmay_tetromino_l2, uniq_terence
D:3:      layout_basic, gammafunk_ghost_split

Skill      XL: |  1  2  3  4 |
---------------+-------------+-----
Shields        | 4 |  4.8
Armour         | 4 5 |  5.1
Fighting       | 4 |  4.6
Long Blades    | 4 |  4.1
Dodging        | 1 |  1.4
Stealth        | |  0.3

Action                   |  1- 3 |  4- 6 || total
-------------------------+-------+-------++-------
Melee: Long sword        |    65 |    53 ||   118
       Headbutt          |     7 |    12 ||    19
  Use: Scroll            |     4 |     3 ||     7
Armor: Scale mail        |    49 |    23 ||    72
Dodge: Dodged            |    74 |    25 ||    99
Block: Buckler           |    31 |    15 ||    46
